 Dungeon Crawl Stone Soup version 0.14.1-1-g650416f (webtiles) character file.

1997 DaftWullie the Slicer (level 9, -2/54 HPs)
             Began as a Kobold Berserker on May 2, 2014.
             Was a High Priest of Trog.
             Killed by an exploding giant spore (33 damage)
             ... on Level 7 of the Dungeon.
             The game lasted 01:01:51 (6426 turns).

DaftWullie the Slicer (Kobold Berserker)            Turns: 6426, Time: 01:01:51

HP  -2/54        AC  5     Str 17      XL: 9   Next: 26%
MP  10/10        EV 22     Int  6      God: Trog [*****.]
Gold 252         SH  0     Dex 16      Spells:  0 memorised,  8 levels left

rFire  . . .     SeeInvis .     a - +1,+2 short sword
rCold  . . .     Clarity  .     Q - +0 leather armour
rNeg   . . .     Conserve .     (no shield)
rPois  +         rCorr    +     O - +0 helmet
rElec  .         rRot     .     S - +0 cloak {rPois}
SustAb . .       Spirit   .     (no gloves)
rMut   .         Warding  .     (no boots)
Saprov + + .     Stasis   .     k - amulet of resist corrosion
MR     .....                    M - +3 ring of evasion
                                t - ring of sustenance

@: confused, not resistant to hostile enchantments, very unstealthy
A: disease resistance, carnivore 3, saprovore 2
a: Burn Spellbooks, Berserk, Trog's Hand, Brothers in Arms, Renounce Religion


You were on level 7 of the Dungeon.
You worshipped Trog.
Trog was extremely pleased with you.
You were completely stuffed.

You visited 1 branch of the dungeon, and saw 7 of its levels.

You collected 252 gold pieces.

Inventory:

Hand weapons
 a - a +1,+2 short sword (weapon)
 G - a +0,+2 dagger of venom
Missiles
 e - 54 darts (quivered)
 m - 12 poisoned needles
 z - 4 poisoned tomahawks
 V - a dart of frost
 W - 5 darts of flame
Armour
 d - a +0 helmet
 h - a +0 helmet
 O - a +0 helmet (worn)
 Q - a +0 leather armour (worn)
 S - a +0 cloak of poison resistance (worn)
 Y - a +0 leather armour
Magical devices
 D - a wand of paralysis (8)
 L - a wand of fire (3)
 R - a wand of enslavement (6)
Comestibles
 b - a chunk of orc flesh
 c - 3 meat rations
Scrolls
 i - 3 scrolls of remove curse
 n - a scroll of fog
 p - 2 scrolls of recharging
 s - a scroll of noise
 u - 3 scrolls of identify
 C - a scroll of enchant weapon II {unknown}
 H - a scroll of immolation
 P - a scroll of random uselessness {unknown}
 U - a scroll of amnesia {unknown}
 X - a scroll of blinking {unknown}
Jewellery
 k - an amulet of resist corrosion (around neck)
 t - a ring of sustenance (left hand)
 M - a +3 ring of evasion (right hand)
 Z - an uncursed ring of protection from magic
Potions
 g - 3 potions of heal wounds
 o - 2 potions of curing
 w - a potion of resistance
 E - a potion of might
 F - a potion of confusion {unknown}
 I - a potion of paralysis
 N - a potion of brilliance {unknown}
 T - a potion of berserk rage {unknown}


   Skills:
 * Level 5.6 Fighting
 * Level 9.3 Short Blades
 + Level 5.1 Throwing
 - Level 1.5 Armour
 + Level 8.2 Dodging
 + Level 3.5 Stealth
 + Level 1.1 Evocations


You had 8 spell levels left.
You didn't know any spells.

Dungeon Overview and Level Annotations

Branches:
Dungeon (7/15)             Temple (0/1) D:6

Altars:
Makhleb

Shops:
D:5 %


Innate Abilities, Weirdness & Mutations

You recuperate from illness quickly.
You are small and have problems with some larger weapons.
You are carnivorous and can eat meat at any time.
You can eat rotten meat.


Message History

You see here 9 gold pieces.
You now have 246 gold pieces (gained 9).
The rat closely misses you.
You hit the rat.
You kill the rat!
Trog accepts your kill.
You see here a rat corpse.
You offer a prayer to Trog.
The rat corpse is consumed in a column of flame.
Trog is extremely pleased with you.
You now have 252 gold pieces (gained 6).
A giant spore comes into view.
The giant spore waves its rhizomes.
A ballistomycete grows in the wake of the spore.
The giant spore explodes!
The explosion of spores engulfs the ballistomycete.
The explosion of spores engulfs you!
You are confused.
Ouch! That really hurt!
You die...

#..............#
#
#..............#
#..............#
#.....##.......#
.....####.......#
####. #.......#
#. ##.....##
#.#####.....##
#.f.@......#
#.########.# .#


There were no monsters in sight!

Vanquished Creatures
  Prince Ribbit (D:6)
  2 ogres (D:4)
  A giant frog (D:6)
  Sigmund (D:3)
  A big kobold (D:6)
  3 scorpions
  A yak zombie (D:7)
  A crimson imp (D:7)
  A centaur zombie (D:5)
  2 hounds
  An orc priest (D:3)
  5 jellies
  Crazy Yiuf (D:6)
  5 orc wizards
  A centaur skeleton (D:6)
  A goliath beetle (D:7)
  An iguana (D:6)
  A gnoll shaman (D:4)
  A worker ant (D:6)
  An ogre skeleton (D:4)
  A worker ant zombie (D:5)
  6 adders
  11 gnolls
  An inept feature mimic (D:2)
  A worm (D:5)
  An iguana skeleton (D:4)
  An ooze (D:2)
  12 orcs
  8 giant cockroaches
  7 goblins
  13 hobgoblins
  6 jackals
  6 quokkas
  2 ball pythons
  21 bats
  2 giant geckos
  4 giant newts
  16 kobolds
  8 rats
159 creatures vanquished.

Notes
Turn   | Place    | Note
--------------------------------------------------------------
     0 | D:1      | DaftWullie, the Kobold Berserker, began the quest for the Orb.
     0 | D:1      | Reached XP level 1. HP: 14/14 MP: 1/1
   179 | D:1      | Reached XP level 2. HP: 10/19 MP: 2/2
   684 | D:1      | Acquired Trog's second power
   888 | D:2      | Reached skill level 5 in Short Blades
   888 | D:2      | Reached XP level 3. HP: 12/23 MP: 3/3
  1399 | D:2      | Reached XP level 4. HP: 28/28 MP: 4/4
  1863 | D:2      | Reached XP level 5. HP: 29/32 MP: 5/5
  1879 | D:2      | Reached skill level 1 in Throwing
  2087 | D:4      | Noticed a phantom
  2150 | D:3      | Reached skill level 6 in Short Blades
  2526 | D:3      | Noticed Sigmund
  2540 | D:3      | Killed Sigmund
  2540 | D:3      | Reached XP level 6. HP: 31/38 MP: 6/6
  2837 | D:3      | Found a burning altar of Makhleb.
  2837 | D:3      | Noticed a balrug
  3221 | D:4      | Noticed an ogre
  3229 | D:4      | Reached skill level 5 in Dodging
  3232 | D:4      | Killed an ogre
  3232 | D:4      | Reached skill level 7 in Short Blades
  3232 | D:4      | Reached skill level 1 in Stealth
  3232 | D:4      | Reached XP level 7. HP: 26/43 MP: 7/7
  3697 | D:4      | Noticed an ogre
  3714 | D:4      | Killed an ogre
  3731 | D:5      | Entered Level 5 of the Dungeon
  3903 | D:5      | Found Kuaruac's Food Shoppe.
  4489 | D:5      | Reached XP level 8. HP: 48/48 MP: 8/8
  4792 | D:6      | Acquired Trog's third power
  4882 | D:7      | Reached skill level 8 in Short Blades
  5264 | D:6      | Noticed Crazy Yiuf
  5275 | D:6      | Killed Crazy Yiuf
  5275 | D:6      | Reached skill level 5 in Fighting
  5475 | D:6      | Found a staircase to the Ecumenical Temple.
  5663 | D:6      | Noticed Prince Ribbit
  5935 | D:6      | Killed Prince Ribbit
  5972 | D:6      | Reached XP level 9. HP: 20/54 MP: 10/10
  6027 | D:6      | Reached skill level 9 in Short Blades
  6317 | D:7      | Reached skill level 5 in Throwing
  6347 | D:7      | Reached skill level 1 in Evocations
  6426 | D:7      | Killed by an exploding giant spore

Action                   |  1- 3 |  4- 6 |  7- 9 || total
-------------------------+-------+-------+-------++-------
Melee: Short sword       |   109 |   110 |   296 ||   515
       Dagger            |       |    45 |   142 ||   187
Throw: Dart              |     9 |    18 |    44 ||    71
Invok: Berserk           |     2 |     5 |     7 ||    14
       Trog's Hand       |       |     2 |     4 ||     6
       Burn Spellbooks   |       |       |     2 ||     2
Evoke: Wand              |       |       |     9 ||     9
  Use: Scroll            |       |     3 |     5 ||     8
 Stab: Sleeping          |       |     1 |     4 ||     5
       Paralysed         |       |       |     1 ||     1
